 Dungeon Crawl Stone Soup version 0.24.0-13-gcf9b3192b9 (webtiles) character file.

Game seed: 7744799628328020618, levelgen mode: deterministic

1932 Mrkan the Cleaver (level 8, -6/73 HPs)
             Began as a Minotaur Fighter on Nov 5, 2019.
             Was a Believer of Yredelemnul.
             Mangled by an orc warrior
             ... wielding a +0 halberd
              (12 damage)
             ... on level 7 of the Dungeon.
             The game lasted 00:08:43 (6250 turns).

Mrkan the Cleaver (Minotaur Fighter)                Turns: 6250, Time: 00:08:43

Health: -6/73      AC: 10    Str: 20    XL:     8   Next: 97%
Magic:  7/7        EV:  4    Int:  5    God:    Yredelemnul [**....]
Gold:   373        SH: 17    Dex: 13    Spells: 7/7 levels left

rFire    . . .     SeeInvis .   a - +1 war axe
rCold    . . .     Gourm    .   y - +1 large shield
rNeg     . . .     Faith    .   A - +0 chain mail
rPois    .         Spirit   .   (helmet restricted)
rElec    .         Reflect  .   (no cloak)
rCorr    .         Harm     .   (no gloves)
MR       .....                  (no boots)
Stlth    ..........             (no amulet)
HPRegen  0.22/turn              (no ring)
MPRegen  0.10/turn              (no ring)

@: slowed, lightly drained, very slow
A: retaliatory headbutt, horns 2
a: Animate Remains, Recall Undead Slaves, Injury Mirror, Renounce Religion


You were on level 7 of the Dungeon.
You worshipped Yredelemnul.
Yredelemnul was pleased with you.
You were very hungry.

You visited 1 branch of the dungeon, and saw 7 of its levels.

You collected 373 gold pieces.

Inventory:

Hand Weapons
 a - a +1 war axe (weapon)
 t - a +0 morningstar
Armour
 c - a +0 shield
 y - a +1 large shield (worn)
 A - a +0 chain mail (worn)
Jewellery
 d - an uncursed amulet of faith {unknown}
 i - an uncursed ring of magical power {unknown}
 q - an uncursed ring of fire {unknown}
 s - an uncursed amulet of rage {unknown}
 u - an uncursed ring of wizardry {unknown}
 C - an uncursed ring of protection from magic {unknown}
Wands
 r - a wand of random effects (19)
 w - a wand of iceblast (8)
Scrolls
 e - 2 scrolls of enchant weapon
 g - 5 scrolls of identify
 h - a scroll of remove curse
 p - a scroll of teleportation
Potions
 m - 3 potions of degeneration
 n - a potion of brilliance {unknown}
 v - a potion of heal wounds {unknown}
 x - 2 potions of ambrosia {unknown}
 z - a potion of magic {unknown}
Comestibles
 f - 8 rations


   Skills:
 + Level 7.2(7.1) Fighting
 * Level 9.2 Axes
 + Level 7.2(7.1) Armour
 + Level 7.2(7.1) Shields


You had 7 spell levels left.
You didn't know any spells.
Your spell library was empty.

Dungeon Overview and Level Annotations

Branches:
Dungeon (7/15)             Temple (0/1) D:5

Altars:
Kikubaaqudgha
Qazlal
Trog
Wu Jian
Yredelemnul
The Shining One


Innate Abilities, Weirdness & Mutations

You reflexively headbutt those who attack you in melee.
You have a pair of horns on your head.


Message History

* * * LOW HITPOINT WARNING * * *
The orc hits you with a +0 short sword.
* * * LOW HITPOINT WARNING * * *
You feel better. The orc hits you but does no damage.
You block the orc warrior's attack. You block the orc's attack.
The orc wizard gestures wildly while chanting.
The orc wizard blinks!
The orc wizard mumbles some strange words.
The orc wizard seems to speed up.
The orc wizard casts a spell.
The orc wizard flickers and vanishes!
Deactivating autopickup; reactivate with Ctrl-A.
The orc priest casts a cantrip, but nothing happens.
The orc warrior barely misses you.
The orc priest calls down the wrath of Beogh upon you.
Beogh smites you!
* * * LOW HITPOINT WARNING * * *
The orc warrior hits you from afar with a +0 halberd!
You die...
Your body rises from the dead as a mindless zombie.

##..............#*#...#,,,
*#..............#*##...##*.
*****...........<...###.....##.
*,,,.................##........
***,,,.........#......o[.........
,**,,,,........#....o.#..........
,,,,,,,,.........o....o......#,..
,,,,,,,,.........###..##....##...
,,,,,,,,........@# #####.†...o...
,*,,,,,,.........# #o#..####.
***,,,,,........## #####)#..# *,
**,,,,,........§*##.o.%o#.##***,
*,,,,,,..........#....)....#,,,,
*,,,,,,........5.#............#*
*,,,,,,.##......................
*,,,,,,,*#......................
*,,,,**,,##...oo................


You could see an orc warrior.

Vanquished Creatures
  A hippogriff (D:7)
  2 black bears (D:6)
  An orc warrior (D:6)
  An ice beast (D:5)
  2 ogres
  A phantom (D:5)
  2 centaurs (D:5)
  3 bullfrogs
  A water moccasin skeleton (D:2)
  A crimson imp (D:6)
  A hound (D:7)
  A bullfrog skeleton (D:5)
  4 orc priests
  Jessica (D:2)
  5 worker ants (D:5)
  3 orc wizards
  A worker ant zombie (D:6)
  4 gnolls (D:5)
  A howler monkey skeleton (D:6)
  8 adders
  2 shadow imps
  An ooze (D:5)
  An adder skeleton (D:4)
  An adder zombie (D:5)
  3 worms
  4 leopard geckos
  20 orcs
  3 giant cockroaches
  6 goblins
  8 hobgoblins
  16 jackals
  3 quokkas
  3 ball pythons
  2 bats
  2 frilled lizards
  A giant cockroach zombie (D:5)
  6 kobolds
  3 leopard gecko skeletons
  A quokka skeleton (D:6)
  2 rats
132 creatures vanquished.

Notes
Turn   | Place    | Note
-------+----------+-------------------------------------------
     0 | D:1      | Mrkan the Minotaur Fighter began the quest for the Orb.
     0 | D:1      | Reached XP level 1. HP: 19/19 MP: 0/0
   268 | D:1      | Found a glowing golden altar of the Shining One.
   620 | D:2      | Noticed Jessica
   628 | D:2      | Reached XP level 2. HP: 20/27 MP: 1/1
   639 | D:2      | Killed Jessica
   639 | D:2      | Reached skill level 3 in Axes
   639 | D:2      | Reached XP level 3. HP: 22/33 MP: 2/2
  1526 | D:2      | Found an ancient bone altar of Kikubaaqudgha.
  1627 | D:2      | Reached XP level 4. HP: 33/40 MP: 3/3
  1874 | D:2      | Reached skill level 4 in Axes
  2304 | D:3      | Reached XP level 5. HP: 47/47 MP: 4/4
  2566 | D:3      | Found a basalt altar of Yredelemnul.
  2577 | D:3      | Became a worshipper of Yredelemnul the Dark
  2789 | D:3      | Reached skill level 5 in Axes
  2968 | D:4      | Reached XP level 6. HP: 38/55 MP: 5/5
  3197 | D:4      | Reached * piety under Yredelemnul
  3197 | D:4      | Reached skill level 5 in Shields
  3511 | D:4      | Reached skill level 5 in Fighting
  3511 | D:4      | Reached skill level 5 in Armour
  4044 | D:5      | Entered Level 5 of the Dungeon
  4044 | D:5      | Noticed an ice beast
  4050 | D:5      | Killed an ice beast
  4050 | D:5      | Reached skill level 6 in Axes
  4050 | D:5      | Reached XP level 7. HP: 61/61 MP: 6/6
  4329 | D:5      | Found a bloodstained altar of Trog.
  4352 | D:5      | Found a staircase to the Ecumenical Temple.
  4410 | D:5      | Reached skill level 7 in Axes
  4724 | D:5      | Found an ornate altar of the Wu Jian Council.
  4884 | D:5      | Found a stormy altar of Qazlal.
  4887 | D:5      | Reached XP level 8. HP: 61/70 MP: 7/7
  5171 | D:6      | Reached skill level 8 in Axes
  5753 | D:6      | Found a bloodstained altar of Trog.
  5767 | D:6      | Reached ** piety under Yredelemnul
  6195 | D:7      | Noticed a hippogriff
  6217 | D:7      | Reached skill level 9 in Axes
  6230 | D:7      | Killed a hippogriff
  6250 | D:7      | Mangled by an orc warrior

Levels and vault maps discovered:
D:1:      kennysheep_arrival_seaside, layout_rooms, tso_altar
D:2:      layout_basic, marbit_many_paths, serial_bayou_crossing, uniq_jessica
D:3:      layout_basic, lemuel_round_altar
D:4:      layout_loops_ring, sigmund_army
D:5:      layout_rooms, kennysheep_mini, lemuel_doored_altar,
          grunt_qazlal_sundering, minmay_temple_entry_tees, first_ration
D:6:      layout_rooms, trog_ov_bears_minmay
D:7:      layout_cave_pools, lemuel_round_altar, serial_shops, shop

Skill      XL: |  1  2  3  4  5  6  7  8 |
---------------+-------------------------+-----
Fighting       | 4 5 6 7 |  7.2
Axes           | 3 4 5 6 7 9 |  9.2
Armour         | 4 5 6 7 |  7.2
Shields        | 4 5 6 7 |  7.2

Action                   |  1- 3 |  4- 6 |  7- 9 || total
-------------------------+-------+-------+-------++-------
Melee: War axe           |    51 |   122 |   167 ||   340
       Headbutt          |     6 |    25 |    34 ||    65
  Use: Potion            |       |     1 |     3 ||     4
       Scroll            |       |       |     9 ||     9
  Eat: Chunk             |     2 |     8 |     6 ||    16
Armor: Scale mail        |    27 |    40 |    41 ||   108
       Chain mail        |       |       |    69 ||    69
Dodge: Dodged            |    16 |    30 |    48 ||    94
Block: Shield            |    36 |    70 |    65 ||   171
       Large shield      |       |       |    91 ||    91
